 Dungeon Crawl Stone Soup version 0.23-b1-59-g586d0d887c (webtiles) character file.

Game seed: 1676570858136936356

39168 Jannitor the Fighter (level 13, -4/109 HPs)
             Began as a Grey Draconian Chaos Knight on Feb 4, 2019.
             Was a Plaything of Xom.
             Killed from afar by a raiju (21 damage)
             ... with a living lightning
             ... on level 3 of the Abyss.
             The game lasted 00:40:43 (20306 turns).

Jannitor the Fighter (Grey Draconian Chaos Knight) Turns: 20306, Time: 00:40:45

Health: -4/109     AC: 21    Str: 21    XL:     13   Next: 67%
Magic:  13/13      EV: 18    Int: 14    God:    Xom [.....*]
Gold:   930        SH:  0    Dex: 12    Spells: 12/12 levels left

rFire    . . .     SeeInvis .   F - +5 pair of quick blades "Gyre" and "Gimble" {pierce, Dex-3}
rCold    + . .     Gourm    .   (shield currently unavailable)
rNeg     . . .     Faith    .   (armour unavailable)
rPois    .         Spirit   .   (helmet restricted)
rElec    .         Reflect  .   E - +0 cloak
rCorr    .         Harm     .   y - +0 pair of gloves
MR       .....     Rnd*Tele +   t - +2 pair of boots
Stlth    ++........             g - amulet of magic regeneration
HPRegen  0.28/turn              j - ring of protection from cold
MPRegen  0.38/turn              v - +3 ring of protection

@: mighty, berserk cooldown, studying Short Blades, lightly drained
A: walk through water, unfitting armour, claws 2, fangs 1, blink, blurry vision
1, clever 1, frail 1, mutation resistance 1, teleportitis 1, unbreathing,
cold-blooded, AC +13
a: Blink, Renounce Religion


You were on level 3 of the Abyss.
You worshipped Xom.
You were Xom's teddy bear.
You were not hungry.

You visited 2 branches of the dungeon, and saw 15 of its levels.
You visited the Abyss 2 times.
You also visited: Volcano.

You collected 1038 gold pieces.
You spent 108 gold pieces at shops.

Inventory:

Hand Weapons
 a - a +0 spear of chaos
 e - a +4 vampiric trident
 F - the +5 pair of quick blades "Gyre" and "Gimble" (weapon) {pierce, Dex-3}
   (You found it on level 6 of the Lair of Beasts)

   It inflicts extra damage upon your enemies.
   It affects your dexterity (-3).
Armour
 o - a +0 shield
 t - a +2 pair of boots (worn)
 y - a +0 pair of gloves (worn)
 E - a +0 cloak (worn)
Jewellery
 g - an amulet of magic regeneration (around neck)
 j - a ring of protection from cold (left hand)
 v - a +3 ring of protection (right hand)
 z - an uncursed ring of fire
 D - an uncursed ring of flight
Wands
 c - a wand of acid (7)
 d - a wand of random effects (9)
 l - a wand of iceblast (14)
 m - a wand of enslavement (20)
 n - a wand of paralysis (10)
 q - a wand of flame (16)
 s - a wand of clouds (1)
 w - a wand of disintegration (8)
 x - a wand of scattershot (6)
 C - a wand of polymorph (13)
Scrolls
 f - a scroll of fog
 i - 4 scrolls of magic mapping
 r - 6 scrolls of identify
 A - 3 scrolls of remove curse
 B - a scroll of blinking
Potions
 p - 2 potions of brilliance
Books
 u - a manual of Short Blades
Comestibles
 b - 19 rations
 k - 3 chunks of flesh


   Skills:
 + Level 13.1(12.9) Fighting
 * Level 3.6(3.4) Short Blades
 - Level 12.5(12.3) Polearms
 + Level 11.2(11.0) Dodging
 + Level 1.1(0.9) Stealth
 - Level 11.2(10.9) Shields


You had 12 spell levels left.
You didn't know any spells.
Your spell library contained the following spells:

 Spells                   Type           Power        Failure   Level  Hunger
 Animate Skeleton         Necr           N/A          28%         1    ##.....
 Apportation              Tloc           #.....       28%         1    ##.....
 Confusing Touch          Hex            #.....       28%         1    ##.....
 Summon Small Mammal      Summ           #...         28%         1    ##.....
 Cause Fear               Hex            #.........   96%         4    #####..
 Silence                  Hex/Air        #.........   100%        5    ######.
 Yara's Violent Unravell  Hex/Tmut       #.........   100%        5    ######.
 Deflect Missiles         Chrm/Air       #.........   100%        6    #######
 Discord                  Hex            #.........   100%        8    #######


Dungeon Overview and Level Annotations

Branches:
Dungeon (9/15)             Temple (0/1) D:6            Lair (6/6) D:8
  Swamp (0/4) Lair:2       Spider (0/4) Lair:4        Slime (0/5) Lair:5
    Orc: D:9-12

Altars:
Ashenzari
Hepliaklqana
Sif Muna
Xom
The Shining One

Shops:
D:8 [

Annotations:
D:9 Erolcha
Lair:3 3 runed translucent doors, Forgol's ghost, journeyman DDFi
Lair:5 exclusion: 2 oklob plants


Innate Abilities, Weirdness & Mutations

You can walk through water.
Your dull iron-grey scales are very hard. (AC +13)
You cannot fit into any form of body armour.
You can survive without breathing.
You are cold-blooded and may be slowed by cold attacks.
You have very sharp fingernails.
You have very sharp teeth.
You can translocate small distances at will.
Scrolls take you a little longer to read.
Your mind is acute. (Int +2)
You are frail. (-10% HP)
You are somewhat resistant to further mutation.
You are occasionally teleported next to monsters.


Message History

Something claws you but does no damage.
You barely miss something. You tail-slap something. You bite something.
Reactivating autopickup.
You feel a bit more experienced.
You barely miss the spatial vortex. You tail-slap the spatial vortex!
You completely miss the spatial vortex.
The spatial vortex hits you but does no damage. 3 raiju come into view.
The raiju barks! x3; You hear a bark!
You hear a shout!
Really walk into that cloud of negative energy?
Okay, then.
You feel yourself speed up.
A crimson imp comes into view.
The raiju bursts into living lightning!
The living lightning hits the raiju.
The raiju completely resists.
The living lightning hits you.
* * * LOW HITPOINT WARNING * * *
The living lightning hits you!!
You die...
Xom guffaws!

.. # .... . ..#
... . ...
......# ... ...
. ... . #. # #
#########......
. .# #..# . # .
.# ## # . #.
..# .. #. .###
#.#. #§
.#@####.....
#§#h#§......#
#.#.#°.#.##..#
..h###.## .
..h5. ##. .
#.#### .. .. ..
... .# .#.# #
###.


You could see 3 raiju and a crimson imp.

Vanquished Creatures
  Snorg (Lair:3)
  2 hydras
  8 death yaks
  2 lindwurms (Lair:4)
  8 spiny frogs
  8 elephants
  An apocalypse crab (Abyss:3)
  2 black mambas
  An orange demon (Lair:2)
  5 komodo dragons
  An ice devil (Lair:2)
  7 rime drakes
  An ancient zyme (Abyss:1)
  A queen bee (Lair:4)
  3 meliai (Lair:4)
  A tyrant leech (Lair:1)
  Prince Ribbit (D:7)
  A troll (D:8)
  6 blink frogs
  3 hippogriffs
  A redback (Lair:4)
  6 spriggans (Lair:3)
  17 yaks
  3 wyverns (Lair:4)
  2 fire bats (Abyss:1)
  4 wraiths
  A neqoxec (Abyss:1)
  3 basilisks
  A steam dragon (D:8)
  2 ogres
  2 insubstantial wisps (D:8)
  4 swamp worms
  11 water moccasins
  2 hell hounds (Abyss:1)
  4 porcupines
  2 ice beasts (D:7)
  2 orc warriors (D:8)
  5 sky beasts
  3 black bears
  15 wolves
  16 crocodiles
  5 centaurs
  11 bullfrogs
  A water moccasin zombie (D:7)
  2 scorpions
  24 killer bees
  4 wights (D:7)
  2 howler monkeys
  2 electric eels
  3 crimson imps
  A quasit (D:7)
  2 centaur zombies
  5 hounds
  2 orc priests
  A jelly (D:6)
  2 bullfrog skeletons (D:8)
  Natasha (twice) (D:2)
  An iguana (D:7)
  2 hell rats (Lair:2)
  11 orc wizards
  8 worker ants
  A hound zombie (D:7)
  13 gnolls
  11 adders
  8 river rats (Lair:2)
  3 shadow imps
  3 oozes
  An adder skeleton (D:8)
  A worm (D:4)
  2 dart slugs
  5 leopard geckos
  27 orcs
  2 ball pythons
  6 giant cockroaches
  10 goblins
  7 hobgoblins
  10 jackals
  6 quokkas
  5 bats
  4 frilled lizards
  5 kobolds
  2 quokka zombies
  11 rats
  A fire vortex (Lair:5)
  A fungus (Lair:4)
  A plant (Lair:3)
406 creatures vanquished.

Vanquished Creatures (collateral kills)
  A deep elf elementalist (Abyss:2)
  Josephine (Lair:5)
  A hydra (Lair:2)
  A black mamba (Lair:6)
  A komodo dragon (Lair:2)
  A flying skull (Lair:1)
  Sigmund (D:2)
  2 wyverns
  5 yaks
  A basilisk (Lair:4)
  A steam dragon (Lair:4)
  A porcupine (Lair:2)
  A hell hound (Abyss:1)
  An orc warrior (D:8)
  An ogre (D:5)
  A wolf (Lair:2)
  A centaur (D:5)
  A crocodile (Lair:2)
  3 bullfrogs
  4 killer bees (Lair:4)
  A hound (D:2)
  2 orcs (D:8)
33 creatures vanquished.

Vanquished Creatures (others)
  A black mamba (Lair:2)
  An elephant (Lair:2)
  A spiny frog (Lair:2)
  An ancient zyme (Abyss:1)
  A hornet (D:5)
  A blink frog (Lair:2)
  A flying skull (Volcano)
  A yak (D:8)
  A fire bat (Abyss:1)
  A porcupine (Lair:2)
  A hell hound (Abyss:1)
  An ice beast (D:5)
  5 killer bees (Lair:4)
  An orc (D:8)
  5 fungi
  9 plants
  2 starspawn tentacles (Abyss:2)
34 creatures vanquished.

Grand Total: 473 creatures vanquished

Notes
Turn   | Place    | Note
-------+----------+-------------------------------------------
     0 | D:1      | Jannitor the Draconian Chaos Knight began the quest for the
                  | Orb.
     0 | D:1      | Reached XP level 1. HP: 19/19 MP: 1/1
    79 | D:1      | XOM: harmless Summ miscast
   289 | D:1      | XOM: divination: detect items
   337 | D:1      | Reached XP level 2. HP: 26/26 MP: 2/2
   362 | D:1      | XOM: god gift: glowing trident {god gift}
   676 | D:1      | Reached XP level 3. HP: 33/33 MP: 3/3
   692 | D:1      | XOM: cloud trail
   840 | D:2      | Noticed Terence
   845 | D:2      | Noticed Terence
   845 | D:2      | Terence changed into Terence the goblin
   845 | D:2      | XOM: polymorph Terence -> Terence the goblin
   846 | D:2      | Killed Terence the goblin
  1183 | D:2      | Noticed a scorpion
  1396 | D:2      | Reached XP level 4. HP: 40/40 MP: 4/4
  1443 | D:2      | XOM: summons friendly iron imp
  1447 | D:2      | Reached skill level 4 in Fighting
  1459 | D:2      | Noticed Sigmund
  1463 | D:2      | Killed Sigmund
  1463 | D:2      | Reached XP level 5. HP: 24/47 MP: 5/5
  1675 | D:2      | Reached skill level 5 in Polearms
  1920 | D:2      | Noticed Natasha
  1931 | D:2      | Killed Natasha
  1931 | D:2      | Reached XP level 6. HP: 30/53 MP: 6/6
  1979 | D:1      | XOM: summons friendly shadow imp
  2025 | D:2      | XOM: cloud trail
  2658 | D:3      | XOM: give mutations
  2658 | D:3      | Gained mutation: Your mind is acute. (Int +2) [Xom's grace]
  2658 | D:3      | Gained mutation: You expend magic power (3 MP) to
                  | strengthen your wands. [Xom's grace]
  2658 | D:3      | Gained mutation: You have sharp fingernails. [Xom's grace]
  2674 | D:3      | Reached skill level 5 in Fighting
  2800 | D:3      | XOM: 6-stop teleportation journey
  2939 | D:2      | Noticed Natasha
  2942 | D:2      | Killed Natasha
  3139 | D:3      | XOM: god gift: fuming brown potion {god gift}
  3228 | D:3      | Your scales start taking on a dull iron-grey colour.
  3228 | D:3      | Reached XP level 7. HP: 61/61 MP: 7/7
  3228 | D:3      | Gained mutation: You can survive without breathing. [Grey
                  | Draconian growth]
  3298 | D:3      | XOM: god gift: 19 sling bullets
  3300 | D:3      | Found a shattered altar of Ashenzari.
  3465 | D:4      | XOM: harmless Conj miscast
  3761 | D:4      | Reached skill level 1 in Shields
  4023 | D:4      | XOM: god gift: small jasper amulet {god gift}
  4101 | D:4      | XOM: summons 3 hostile demons
  4417 | D:5      | Entered Level 5 of the Dungeon
  4433 | D:5      | Noticed a hornet
  4437 | D:5      | Killed a hornet
  4437 | D:5      | XOM: divine lightning
  4657 | D:5      | XOM: scenery: create altars
  5030 | D:5      | XOM: scenery: create altars
  5061 | D:5      | Reached skill level 6 in Fighting
  5119 | D:5      | Found a glowing golden altar of the Shining One.
  5197 | D:5      | Reached XP level 8. HP: 70/70 MP: 8/8
  5197 | D:5      | XOM: destruction
  5301 | D:5      | XOM: cloud trail
  5453 | D:6      | Reached skill level 5 in Dodging
  5529 | D:6      | XOM: noise
  5561 | D:6      | XOM: noise
  5666 | D:6      | XOM: enchant monster (bad)
  5672 | D:6      | Reached skill level 7 in Fighting
  5779 | D:6      | Found a deep blue altar of Sif Muna.
  5786 | D:6      | XOM: confuse monster(s)
  5914 | D:6      | Found a staircase to the Ecumenical Temple.
  5974 | D:6      | XOM: god gift: runed helmet {god gift}
  6122 | D:7      | Reached XP level 9. HP: 72/79 MP: 9/9
  6172 | D:7      | XOM: divination: magic mapping
  6191 | D:7      | XOM: harmless Conj miscast
  6286 | D:7      | Noticed Prince Ribbit
  6337 | D:7      | XOM: mild Fire miscast
  6340 | D:7      | XOM: cast spell 'Call Canine Familiar'
  6344 | D:7      | Killed Prince Ribbit
  6370 | D:7      | XOM: mild Summ miscast
  6622 | D:7      | XOM: divination: magic mapping
  6626 | D:7      | Reached skill level 5 in Shields
  6844 | D:7      | XOM: divination: detect creatures
  6924 | D:7      | XOM: divination: magic mapping
  7011 | D:7      | XOM: enchant monster (good)
  7017 | D:7      | Reached skill level 8 in Fighting
  7362 | D:8      | XOM: scenery: create altars
  7379 | D:8      | Found a staircase to the Lair.
  7379 | D:8      | XOM: 6-stop teleportation journey
  7627 | D:8      | XOM: summons 4 friendly demons
  7667 | D:8      | XOM: scenery: 1 doors close
  7675 | D:8      | XOM: fog
  7681 | D:8      | XOM: divination: detect creatures
  7682 | D:8      | XOM: summons friendly ufetubus
  7683 | D:8      | Reached XP level 10. HP: 66/90 MP: 10/10
  7699 | D:8      | XOM: confuse monster(s)
  7709 | D:8      | XOM: scenery: 1 doors open
  7712 | D:8      | XOM: swap monsters
  7728 | D:8      | XOM: give mutations
  7728 | D:8      | Lost mutation: Your mind is acute. (Int +2) [Xom's
                  | mischief]
  7728 | D:8      | Gained mutation: You are frail. (-10% HP) [Xom's mischief]
  7728 | D:8      | Gained mutation: Scrolls take you a little longer to read.
                  | [Xom's mischief]
  7728 | D:8      | Gained mutation: You are very frail. (-20% HP) [Xom's
                  | mischief]
  8041 | D:8      | XOM: harmless Tloc miscast
  8057 | D:8      | XOM: give mutations
  8057 | D:8      | Gained mutation: You evolve. [Xom's grace]
  8057 | D:8      | Gained mutation: Your tail ends in a poisonous barb. [Xom's
                  | grace]
  8057 | D:8      | Gained mutation: Your mind is acute. (Int +2) [Xom's grace]
  8063 | D:8      | Reached skill level 9 in Fighting
  8134 | D:8      | Gained mutation: You tend to lose your temper in combat.
                  | [evolution]
  8313 | D:8      | Found Goxobic's Antique Armour Boutique.
  8329 | D:8      | Bought a cloak for 108 gold pieces
  8395 | D:8      | Found a hazy altar of Hepliaklqana.
  8444 | D:8      | XOM: harmless Pois miscast
  8745 | D:9      | Noticed Erolcha
  8751 | D:9      | Cast into level 1 of the Abyss (Erolcha)
  8813 | Abyss:1  | XOM: divine lightning
  8860 | Abyss:1  | XOM: scenery: create altars
  8873 | Abyss:1  | XOM: enchant monster (good)
  8892 | Abyss:1  | Found a shimmering altar of Xom.
  8902 | Abyss:1  | Noticed a wretched star
  8904 | Abyss:1  | XOM: scenery: create altars
  8919 | Abyss:1  | Noticed a smoke demon
  8923 | Abyss:1  | Found a shimmering altar of Xom.
  8930 | Abyss:1  | XOM: confusion
  8941 | Abyss:1  | Noticed a red ugly thing
  9051 | Abyss:1  | XOM: divine lightning
  9057 | Abyss:1  | Gained mutation: You are weak. (Str -2) [a neqoxec]
  9060 | Abyss:1  | Lost mutation: Your mind is acute. (Int +2) [a neqoxec]
  9064 | Abyss:1  | XOM: confuse monster(s)
  9069 | Abyss:1  | XOM: summons 2 friendly demons
  9070 | Abyss:1  | Noticed a wretched star
  9072 | Abyss:1  | XOM: cast spell 'Call Canine Familiar'
  9073 | Abyss:1  | XOM: confuse monster(s)
  9081 | Abyss:1  | XOM: fake destruction
  9083 | Abyss:1  | Noticed an apocalypse crab
  9091 | Abyss:1  | XOM: summons 4 friendly demons
  9107 | Abyss:1  | Noticed a bone dragon
  9113 | Abyss:2  | XOM: stealth player
  9151 | Abyss:2  | Noticed a wretched star
  9161 | Abyss:2  | Noticed a purple very ugly thing
  9241 | Abyss:2  | Noticed a starcursed mass
  9251 | Abyss:2  | XOM: enchant monster (good)
  9257 | Abyss:2  | XOM: give mutation
  9257 | Abyss:2  | Lost mutation: You tend to lose your temper in combat.
                  | [Xom's grace]
  9284 | Abyss:2  | Noticed a deep elf elementalist
  9293 | Abyss:2  | Noticed a wretched star
  9299 | Abyss:2  | XOM: enchant monster (good)
  9302 | Abyss:2  | XOM: enchant monster (good)
  9303 | Abyss:2  | Noticed a tentacled starspawn
  9304 | Abyss:2  | Killed a deep elf elementalist
  9304 | Abyss:2  | Reached skill level 1 in Stealth
  9307 | D:9      | Escaped the Abyss
  9312 | D:9      | Gained mutation: You have very sharp fingernails.
                  | [evolution]
  9512 | Lair:1   | Entered Level 1 of the Lair of Beasts
  9529 | D:8      | XOM: divine lightning
  9705 | D:8      | XOM: destruction
  9812 | D:8      | Reached XP level 11. HP: 58/79 MP: 7/7
  9969 | Lair:1   | XOM: summons 5 friendly demons
 10113 | Lair:1   | Reached skill level 10 in Fighting
 10271 | Lair:1   | XOM: cast spell 'Leda's Liquefaction'
 10288 | Lair:2   | XOM: divine lightning
 10318 | Lair:2   | Reached skill level 10 in Polearms
 10335 | Lair:2   | Found a dark tunnel.
 10355 | Lair:2   | Found a frozen archway.
 10361 | Lair:2   | XOM: divination: detect items
 10364 | Lair:2   | XOM: polymorph ice devil -> orange demon
 10409 | Lair:2   | XOM: harmless Chrm miscast
 10411 | Lair:2   | XOM: 1-stop teleportation journey
 10424 | Lair:2   | XOM: scenery: 1 doors open
 10444 | Volcano  | Entered a volcano
 10490 | Lair:2   | XOM: enchant monster (bad)
 10496 | Lair:2   | Noticed a five-headed hydra
 10505 | Lair:2   | HP: 2/80 [wolf (7)]
 10511 | Lair:2   | XOM: fog
 10521 | Lair:2   | XOM: summons friendly iron imp
 11076 | Lair:1   | XOM: summons 2 friendly demons
 11466 | Lair:1   | XOM: god gift: fuming red potion {god gift}
 11612 | Lair:1   | XOM: give mutations
 11612 | Lair:1   | Gained mutation: Your mind is acute. (Int +2) [Xom's grace]
 11612 | Lair:1   | Gained mutation: You rapidly evolve. [Xom's grace]
 11612 | Lair:1   | Gained mutation: You can translocate small distances at
                  | will. [Xom's grace]
 11894 | Lair:1   | XOM: scenery: create altars
 11984 | Lair:1   | XOM: cloud trail
 12154 | Lair:1   | XOM: give mutations
 12154 | Lair:1   | Lost mutation: You are very frail. (-20% HP) [Xom's grace]
 12154 | Lair:1   | Gained mutation: You have very sharp teeth. [Xom's grace]
 12154 | Lair:1   | Lost mutation: You rapidly evolve. [Xom's grace]
 12154 | Lair:1   | Lost mutation: You evolve. [Xom's grace]
 12154 | Lair:1   | Gained mutation: You are somewhat resistant to further
                  | mutation. [Xom's grace]
 12154 | Lair:1   | Lost mutation: You are weak. (Str -2) [Xom's grace]
 12170 | Lair:2   | XOM: fog
 12220 | Lair:2   | Noticed a four-headed hydra
 12234 | Lair:2   | Killed a four-headed hydra
 12450 | Lair:2   | XOM: cloud trail
 12479 | Lair:2   | Found a staircase to the Swamp.
 12660 | Lair:2   | XOM: confuse monster(s)
 12740 | Lair:1   | XOM: summons 11 friendly demons
 12805 | Lair:2   | XOM: enchant monster (good)
 12852 | Lair:2   | XOM: confuse monster(s)
 12863 | Lair:2   | XOM: summons friendly quasit
 12877 | Lair:2   | XOM: cleaving
 13034 | Lair:1   | XOM: scenery: create altars
 13039 | Lair:2   | XOM: summons 11 friendly demons
 13042 | Lair:2   | Killed a five-headed hydra
 13251 | Lair:2   | Reached skill level 11 in Fighting
 13485 | Lair:2   | XOM: cleaving
 13491 | Lair:2   | XOM: divination: detect items
 13497 | Lair:2   | XOM: polymorph water moccasin -> porcupine
 13505 | Lair:2   | XOM: divine lightning
 13794 | Lair:2   | Upgraded the game from 0.23-b1-51-gfe822ef6ca to
                  | 0.23-b1-59-g586d0d887c
 14092 | Lair:3   | XOM: summons friendly shadow imp
 14104 | Lair:2   | XOM: divine lightning
 14121 | Lair:2   | XOM: cast spell 'Metabolic Englaciation'
 14201 | Lair:3   | XOM: summons friendly shadow imp
 14202 | Lair:3   | XOM: fog
 14206 | Lair:3   | Reached XP level 12. HP: 94/99 MP: 12/12
 14238 | Lair:3   | XOM: potion effect (invisibility)
 14472 | Lair:3   | XOM: mild Erth miscast
 14598 | Lair:3   | XOM: 3-stop teleportation journey
 14674 | Lair:3   | XOM: blink monster(s)
 14851 | Lair:3   | XOM: summons friendly shadow imp
 15063 | Lair:3   | Found a runed translucent gate.
 15063 | Lair:3   | Found a runed translucent gate.
 15063 | Lair:3   | Found a runed translucent gate.
 15065 | Lair:3   | Noticed Forgol's ghost (journeyman DDFi)
 15065 | Lair:3   | Noticed an 11-headed hydra
 15297 | Lair:3   | XOM: confuse monster(s)
 15457 | Lair:3   | XOM: harmless Conj miscast
 15517 | Lair:3   | Noticed Snorg
 15522 | Lair:3   | XOM: cast spell 'Statue Form'
 15528 | Lair:3   | Killed Snorg
 15581 | Lair:3   | XOM: god gift: glowing centaur barding {god gift}
 16214 | Lair:4   | Reached skill level 10 in Dodging
 16249 | Lair:4   | Found a hole to the Spider Nest.
 16261 | Lair:4   | Reached skill level 10 in Shields
 16514 | Lair:4   | XOM: blink monster(s)
 16530 | Lair:4   | Reached skill level 12 in Fighting
 16569 | Lair:4   | XOM: mild Necr miscast
 16582 | Lair:4   | XOM: summons friendly ufetubus
 16584 | Lair:4   | XOM: cast spell 'Ring of Flames'
 16714 | Lair:4   | XOM: harmless Conj miscast
 16800 | Lair:4   | XOM: potion effect (might)
 16801 | Lair:4   | XOM: potion effect (might)
 16810 | Lair:4   | XOM: potion effect (might)
 16984 | Lair:4   | XOM: potion effect (invisibility)
 16991 | Lair:4   | XOM: blink monster(s)
 17005 | Lair:4   | XOM: confusion
 17061 | Lair:4   | XOM: enchant monster (bad)
 17148 | Lair:4   | XOM: cast spell 'Summon Mana Viper'
 17350 | Lair:4   | XOM: stat loss: -1 Str (15/16)
 17399 | Lair:4   | XOM: give mutation
 17399 | Lair:4   | Gained mutation: Your mind is very acute. (Int +4) [Xom's
                  | grace]
 17407 | Lair:4   | Reached XP level 13. HP: 107/107 MP: 13/13
 17489 | Lair:4   | XOM: noise
 17501 | Lair:4   | XOM: confusion
 17577 | Lair:4   | XOM: harmless Hex miscast
 17798 | Lair:4   | XOM: summons friendly iron imp
 17804 | Lair:4   | Lost mutation: You expend magic power (3 MP) to strengthen
                  | your wands. [potion of mutation]
 17804 | Lair:4   | Lost mutation: Your tail ends in a poisonous barb. [potion
                  | of mutation]
 17804 | Lair:4   | Gained mutation: You are occasionally teleported next to
                  | monsters. [potion of mutation]
 17821 | Lair:4   | XOM: enchant monster (good)
 17827 | Lair:4   | XOM: enchant monster (good)
 17830 | Lair:4   | XOM: potion effect (brilliance)
 18192 | Lair:5   | Noticed Josephine
 18198 | Lair:5   | XOM: summons 8 friendly demons
 18202 | Lair:5   | XOM: divination: detect items
 18209 | Lair:5   | Killed Josephine
 18547 | Lair:5   | XOM: mild Air miscast
 18548 | Lair:5   | XOM: scenery: create altars
 18681 | Lair:4   | XOM: give mutation
 18681 | Lair:4   | Lost mutation: Your mind is very acute. (Int +4) [Xom's
                  | mischief]
 18781 | Lair:5   | XOM: mild Fire miscast
 18823 | Lair:5   | Found a staircase to the Slime Pits.
 18828 | Lair:5   | XOM: summons friendly quasit
 18883 | Lair:5   | XOM: harmless Tloc miscast
 18886 | Lair:5   | XOM: fake destruction
 18905 | Lair:5   | XOM: summons friendly ufetubus
 18913 | Lair:5   | XOM: polymorph ufetubus -> white imp
 18934 | Lair:5   | XOM: enchant monster (bad)
 19601 | Lair:5   | XOM: scenery: 1 doors open
 19637 | Lair:5   | XOM: cloud trail
 19670 | Lair:6   | Entered Level 6 of the Lair of Beasts
 19686 | Lair:5   | XOM: potion effect (haste)
 19749 | Lair:6   | XOM: cast spell 'Monstrous Menagerie'
 19752 | Lair:6   | Reached skill level 13 in Fighting
 19825 | Lair:6   | Found the +5 pair of quick blades "Gyre" and "Gimble"
                  | {pierce, Dex-3}
 19866 | Lair:6   | XOM: scenery: create altars
 19873 | Lair:6   | XOM: enchant monster (good)
 19891 | Lair:6   | XOM: potion effect (curing)
 19892 | Lair:6   | XOM: summons 6 friendly demons
 19913 | Lair:5   | Reached skill level 1 in Short Blades
 20214 | Lair:6   | XOM: severe Tloc miscast
 20214 | Lair:6   | Cast into level 3 of the Abyss (the severe capriciousness
                  | of Xom)
 20214 | Abyss:3  | Found a corrupted altar of Lugonu.
 20236 | Abyss:3  | XOM: cloud trail
 20260 | Abyss:3  | Noticed a tentacled starspawn
 20262 | Abyss:3  | Found a corrupted altar of Lugonu.
 20306 | Abyss:3  | Killed from afar by a raiju

Skill      XL: |  1  2  3  4  5  6  7  8  9 10 11 12 13 |
---------------+----------------------------------------+-----
Polearms       | 4 5 6 7 8 9 10 11 12 | 12.5
Fighting       | 4 5 6 7 8 9 11 12 13 | 13.1
Dodging        | 3 4 5 7 8 9 10 11 | 11.2
Shields        | 2 4 6 7 9 10 11 | 11.2
Stealth        | 1 |  1.1
Short Blades   | 3 |  3.6

Action                   |  1- 3 |  4- 6 |  7- 9 | 10-12 | 13-15 || total
-------------------------+-------+-------+-------+-------+-------++-------
Melee: Spear             |    37 |       |       |       |       ||    37
       Trident           |    80 |   157 |   551 |  1097 |   363 ||  2248
       Tailslap          |     7 |     9 |    44 |   137 |    76 ||   273
       Bite              |       |       |       |    76 |    66 ||   142
       Pair of quick bla |       |       |       |       |    87 ||    87
Evoke: Wand              |       |       |     4 |     7 |     1 ||    12
       Box of beasts     |       |       |       |     1 |       ||     1
  Use: Potion            |     2 |     1 |     3 |    12 |     5 ||    23
       Scroll            |       |     4 |     5 |    13 |     1 ||    23
 Stab: Sleeping          |     2 |     1 |     4 |     5 |       ||    12
       Distracted        |       |     1 |       |     2 |     2 ||     5
       Petrified         |       |       |     2 |       |       ||     2
       Petrifying        |       |       |     1 |     1 |       ||     2
       Confused          |       |       |       |     6 |       ||     6
       Invisible         |       |       |       |     1 |       ||     1
  Eat: Chunk             |     2 |     6 |    15 |    17 |     7 ||    47
       Ration            |       |       |       |     4 |     1 ||     5
Armor: Skin              |    17 |    26 |   212 |   278 |   103 ||   636
Dodge: Dodged            |    56 |    56 |   251 |   519 |   219 ||  1101
Block: Shield            |       |       |   198 |   533 |   149 ||   880
